 Dungeon Crawl Stone Soup version 0.31-a0-188-g5e087ee2ca (webtiles) character file.

Game seed: 7288018898805573023

36 qw the Shooter (level 3, 0/20 HPs)
             Began as a Deep Elf Hunter on June 23, 2023.
             Slain by a hobgoblin (3 damage)
             ... on level 2 of the Dungeon.
             The game lasted 00:00:23 (1573 turns).

qw the Shooter (Deep Elf Hunter)                    Turns: 1573, Time: 00:00:24

Health: 0/20       AC:  3    Str: 10    XL:     3   Next: 19%
Magic:  5/5        EV: 12    Int: 13    God:
Gold:   91         SH:  0    Dex: 18    Spells: 2/2 levels left

rFire   . . .        Y - +0 shortbow
rCold   . . .        (shield currently unavailable)
rNeg    . . .        c - +0 leather armour
rPois   .            (no helmet)
rElec   .            (no cloak)
rCorr   .            (no gloves)
SInv    .            (no boots)
Will    .....        (no amulet)
Stlth   ++           (no ring)
HPRegen 0.23/turn    (no ring)
MPRegen 0.09/turn

%: no passive effects
@: no status effects
A: no striking features
a: no special abilities


You were on level 2 of the Dungeon.
You visited 1 branch of the dungeon, and saw 3 of its levels.

You collected 91 gold pieces.


   Skills:
 - Level 1.5 Fighting
 + Level 6.8 Ranged Weapons
 - Level 2.4 Dodging
 - Level 1.2 Stealth


You had 2 spell levels left.
You didn't know any spells.
Your spell library was empty.

Inventory:

Hand Weapons
 Y - a +0 shortbow (weapon)
Armour
 c - a +0 leather armour (worn)
Scrolls
 e - a scroll of identify
Potions
 a - 2 potions of curing
 f - a potion of enlightenment {unknown}
 h - a potion of lignification {unknown}

Dungeon Overview and Level Annotations

Branches:
Dungeon (3/15)

Altars:
Xom


Message History

You climb upwards.
The cerulean imp disappears in a puff of smoke! x2
There is a stone staircase leading down here.
Enter note:
Enter note:
Enter note:
Enter note:
Enter note:
Enter note:
Enter note:
Enter note:
Enter note: You shoot an arrow.
The arrow hits Natasha.
Natasha is moderately wounded.
The hobgoblin hits you. Natasha misses you. The hobgoblin hits you.
You shoot an arrow. The arrow closely misses Natasha.
Natasha closely misses you.
The hobgoblin hits you but does no damage.
Natasha casts a spell at you. You resist with some effort.
You shoot an arrow. The arrow hits Natasha.
Natasha is severely wounded.
The hobgoblin misses you. Natasha casts a spell at you.
The magic dart hits you!
You shoot an arrow. The arrow closely misses Natasha.
The hobgoblin hits you. Natasha barely misses you.
You shoot an arrow. The arrow closely misses Natasha.
The hobgoblin closely misses you. Natasha claws you but does no damage.
You shoot an arrow. The arrow completely misses Natasha.
The hobgoblin closely misses you. Natasha barely misses you.
You shoot an arrow. The arrow hits Natasha.
Natasha is almost dead.
The hobgoblin hits you but does no damage.
Natasha barely misses you.
You shoot an arrow. The arrow hits Natasha.
You kill Natasha!
Natasha growls in agony!
The hobgoblin hits you.
You die...

##...)..# ##...#.#.#....#######
...#.#..# ##>.#.#.#...%.......
#..###..# #..#.#.#....#####.#
##......# ##.#.#.#....# #.#
##.#.#.# #.#........# #.# #...#.#
#.#..###.#.# #.# ###.#.#
####....# #.#.# #.# #.#.#
#...g..####.#.# #.# #.#.#
#.##@#......#.# #.# #.#.#
#.##%#......#.# #.# #.#.#
#.##.#.#....#.# #.# #.#.#
#.##.#.#.####.# #.# #.#.#
#.##.#.#.# #.# #.# #.#.#
#.##.#.#.# #.# #.#
#.#.#####.##.#<#.####.#####.#
#####.#.......##.#...........[..#
......#######.##.########.#######


You could see a hobgoblin.

Vanquished Creatures
  Natasha (D:2)
  A worm (D:2)
  4 ball pythons
  A bat (D:2)
  6 endoplasms
  A giant cockroach (D:2)
  3 goblins
  3 hobgoblins
  3 jackals (D:1)
  A quokka (D:2)
  2 frilled lizards
  A kobold (D:2)
  2 rats (D:1)
29 creatures vanquished.

Notes
Turn   | Place    | Note
-------+----------+-------------------------------------------
     0 | D:1      | qw the Deep Elf Hunter began the quest for the Orb.
     0 | D:1      | Reached XP level 1. HP: 12/12 MP: 3/3
     0 | D:1      | 0 ||| qw: Version: 0.3-a-9-g12657ce
     0 | D:1      | 0 ||| qw: Game counter: 3621
     0 | D:1      | 0 ||| qw: Always use a shield: true
     0 | D:1      | 0 ||| qw: God list: Okawaru
     0 | D:1      | 0 ||| qw: Allow faded altars: false
     0 | D:1      | 0 ||| qw: Do Orc after D:15 true
     0 | D:1      | 0 ||| qw: Do second Lair branch before Depths: true
     0 | D:1      | 0 ||| qw: Lair rune preference: random
     0 | D:1      | 0 ||| qw: Plans: Normal
     0 | D:1      | 0 ||| PLANNING D:1-11
     4 | D:1      | Noticed an electric eel
   144 | D:1      | Reached XP level 2. HP: 15/16 MP: 4/4
   163 | D:1      | Reached skill level 6 in Ranged Weapons
   533 | D:1      | 533 ||| Stepping ~*~*~tactically~*~*~ (water).
   740 | D:1      | 740 ||| READING scroll labelled BEEC HYTIOMM.
   741 | D:1      | 741 ||| READING 2 scrolls labelled WYUGEBA MURA.
   742 | D:1      | 742 ||| READING scroll labelled ANUBBE ECHE.
   743 | D:1      | 743 ||| READING scroll labelled RUVVIZX NIRE.
   748 | D:1      | 748 ||| DROPPING scroll of butterflies.
   958 | D:2      | Found a shimmering altar of Xom.
  1009 | D:2      | Reached XP level 3. HP: 20/20 MP: 5/5
  1536 | D:2      | 1536 ||| READING scroll labelled ERGHAF OWAIWN.
  1537 | D:2      | 1537 ||| DRINKING 3 grey potions.
  1538 | D:2      | 1538 ||| READING 3 scrolls of identify.
  1538 | D:2      | 1538 ||| IDENTIFYING viscous inky potion
  1539 | D:2      | 1539 ||| READING 2 scrolls of identify.
  1539 | D:2      | 1539 ||| IDENTIFYING lumpy amethyst potion
  1540 | D:2      | 1540 ||| DROPPING potion of attraction.
  1541 | D:2      | 1541 ||| DROPPING potion of invisibility.
  1560 | D:3      | Noticed Natasha
  1564 | D:3      | 1564 ||| STAIRDANCE
  1568 | D:2      | HP: 4/20 [Natasha/magic dart (9)]
  1573 | D:2      | Killed Natasha
  1573 | D:2      | Slain by a hobgoblin

Levels and vault maps discovered:
D:1:      arrival_aquarium_a, layout_basic, serial_rivers,
          chequers_serial_rivers_small_b, chequers_serial_rivers_micro_c,
          chequers_serial_rivers_room_b, chequers_serial_rivers_micro_a,
          chequers_serial_rivers_small_b
D:2:      layout_basic, basic_altar, minmay_pentomino_u2
D:3:      layout_rooms, grunt_decor_fettered, nrook_campfire,
          kennysheep_generic_room_12, uniq_terence, uniq_natasha

Skill      XL: |  1  2 |
---------------+-------+-----
Ranged Weapons | 6 |  6.8
Fighting       | |  1.5
Dodging        | |  2.4
Stealth        | |  1.2

Action                     || total
---------------------------++-------
   Fire: Shortbow          ||    70
    Use: Scroll            ||     7
         Potion            ||     1
 Armour: Leather armour    ||     8
  Dodge: Dodged            ||    23

Table legend:
 A = Non-vault XP
 B = Vault XP
 C = Vault XP percentage of total XP
 D = Non-vault monster count
 E = Vault monster count
 F = Vault count percentage of total count
                 A         B        C        D         E       F
            +---------+---------+-------+---------+---------+-------
      Total |      51 |      36 |  41.4 |      27 |       2 |   6.9
            +---------+---------+-------+---------+---------+-------
        D:1 |      24 |       0 |   0.0 |      13 |       0 |   0.0
        D:2 |      24 |      36 |  60.0 |      12 |       2 |  14.3
        D:3 |       3 |       0 |   0.0 |       2 |       0 |   0.0
            +---------+---------+-------+---------+---------+-------
